Map: 여명 - 래더 (공허의 유산)

Players

Dark

  • Race: Zerg Zerg
  • Spawn Location: 1:00

INnoVation - Winner!

  • Race: Terran Terran
  • Spawn Location: 7:00

Event: IEM Season 11 - Gyeonggi

VOD

https://youtu.be/qNQvLLbaRAw

Description

Time

  • Played on: Dec. 16, 2016, 12:01 a.m.
  • Length: 12:55

All games in this series

Show
View Real Time Build Order
Export as new Build Order

Dark Zerg 

Build Orders: Pool First 

Get SALT Encoding   

  12  0:00  Drone  
  13  0:13  Overlord  
  13  0:18  Drone  
  14  0:31  Drone x2  
  14  0:35  Drone  
  17  0:45  Extractor  
  16  0:51  Drone, Spawning Pool  
  16  0:57  Drone  
  17  1:08  Drone  
  18  1:21  Hatchery  
  17  1:26  Drone  
  17  1:30  Drone  
  21  1:44  Zergling x2  
  21  1:46  Roach Warren  
  19  1:53  Queen  
  21  1:56  Drone  
  22  2:17  Overlord x2  
  22  2:33  Roach  
  22  2:34  Roach x2  
  28  2:44  Roach x2  
  32  2:53  Ravager  
  32  2:54  Ravager  
  32  2:56  Drone x2  
  32  2:57  Queen  
  38  3:02  Drone x2  
  40  3:10  Drone x2  
  42  3:21  Ravager  
  42  3:27  Drone x2, Overlord  
  44  3:44  Overlord  
  44  3:52  Drone x2  
  44  3:57  Drone  
  44  3:59  Drone x3  
  48  4:08  Drone  
  46  4:11  Drone  
  47  4:21  Roach x2  
  43  4:27  Extractor  
  43  4:30  Roach, Extractor  
  43  4:31  Extractor  
  43  4:32  Roach  
  43  4:33  Queen  
  46  4:38  Roach  
  46  4:41  Hatchery  
  46  4:43  Roach  
  46  4:44  Ravager  
  50  4:47  Overlord x2  
  50  5:04  Overlord  
  50  5:06  Roach x3  
  57  5:07  Drone x2  
  57  5:08  Ravager  
  57  5:13  Ravager  
  60  5:19  Overlord  
  60  5:20  Overlord  
  60  5:24  Drone x4  
  60  5:26  Ravager  
  60  5:27  Drone, Ravager  
  67  5:31  Drone  
  67  5:35  Overlord  
  68  5:43  Drone x2  
  68  5:48  Drone x2  
  68  5:49  Drone  
  73  5:53  Ravager  
  73  5:54  Roach  
  78  5:57  Roach  
  78  6:00  Roach  
  78  6:04  Roach x2  
  82  6:09  Drone  
  82  6:10  Drone x3  
  81  6:20  Drone x2  
  81  6:22  Drone  
  81  6:23  Drone  
  83  6:27  Overlord  
  83  6:33  Lair  
  83  6:42  Ravager x2  
  83  6:43  Hatchery  
  83  6:46  Drone  
  85  6:48  Ravager x2  
  85  6:52  Drone x3  
  85  6:53  Ravager x2  
  92  6:55  Drone x2  
  95  7:01  Drone x4  
  95  7:08  Evolution Chamber  
  97  7:09  Drone x3  
  97  7:14  Overlord  
  100  7:18  Overlord  
  100  7:25  Overlord  
  100  7:31  Infestation Pit  
  100  7:32  Drone x3  
  100  7:34  Drone x2  
  104  7:43  Hatchery  
  103  7:46  Drone  
  103  7:47  Zerg Missile Weapons Level 1  
  103  7:48  Drone  
  103  7:49  Drone x2  
  107  7:58  Extractor  
  106  7:59  Extractor  
  106  8:02  Roach x3  
  112  8:05  Drone  
  112  8:07  Hive  
  112  8:08  Roach  
  112  8:09  Roach  
  112  8:11  Roach  
  118  8:18  Drone x5  
  123  8:24  Overlord x2  
  123  8:32  Overlord x2  
  123  8:35  Drone x5  
  123  8:36  Drone x2  
  123  8:40  Overlord x2  
  130  8:45  Glial Reconstitution  
  130  8:51  Drone x2, Ravager x3  
  130  8:52  Drone  
  130  8:54  Ravager x3, Extractor  
  138  8:58  Extractor  
  132  9:10  Drone x4  
  135  9:19  Viper x4  
  135  9:21  Overlord x2  
  135  9:23  Roach x3  
  135  9:24  Roach x2  
  157  9:27  Roach x2  
  161  9:33  Evolution Chamber  
  161  9:36  Hatchery  
  159  9:41  Zerg Missile Weapons Level 2  
  159  9:44  Roach x3  
  165  9:48  Ravager x2  
  167  9:58  Roach, Hydralisk Den  
  167  9:59  Roach x6  
  180  10:01  Roach  
  180  10:02  Roach, Overseer  
  180  10:05  Roach  
  186  10:07  Roach x2  
  186  10:13  Roach x2  
  194  10:16  Roach, Evolution Chamber x2  
  194  10:19  Ravager x2  
  196  10:27  Roach x2  
  200  10:31  Muscular Augments  
  195  10:45  Roach x2  
  197  10:52  Roach  
  197  10:53  Roach  
  197  10:59  Roach  
  197  11:01  Roach  
  177  11:12  Roach x3  
  177  11:13  Roach x3  
  177  11:14  Roach x3  
  177  11:16  Roach x2  
  177  11:17  Roach x2  
  162  11:20  Roach  
  162  11:25  Roach x3  
  168  11:31  Roach  
  146  11:37  Roach x2  
  138  11:40  Ravager x7  
  138  11:42  Roach  
  132  11:53  Roach x3  
  136  11:56  Roach  
  142  12:08  Roach x3  
  142  12:14  Hatchery  
  135  12:26  Roach  
  135  12:27  Roach  
  135  12:29  Roach x2  
Show
View Real Time Build Order
Export as new Build Order

INnoVation Terran - Winner!

Build Orders: Reaper Expand, Mech 

Get SALT Encoding   

  12  0:00  SCV  
  13  0:12  SCV  
  14  0:17  Supply Depot  
  14  0:24  SCV  
  15  0:29  Refinery  
  15  0:39  SCV  
  16  0:45  Barracks  
  16  0:51  SCV  
  17  1:03  SCV  
  18  1:15  SCV  
  19  1:31  Orbital Command  
  19  1:32  Reaper  
  20  1:44  Command Center  
  20  1:55  Factory  
  20  1:58  SCV  
  21  2:05  Barracks Reactor  
  21  2:11  SCV  
  21  2:15  Supply Depot  
  22  2:21  Refinery  
  22  2:23  SCV  
  23  2:37  SCV  
  24  2:43  Factory  
  24  2:46  Hellion x2  
  24  2:49  SCV  
  29  2:54  Barracks Reactor  
  29  2:56  Orbital Command  
  29  3:01  SCV  
  30  3:07  Hellion  
  32  3:13  Cyclone  
  32  3:16  SCV  
  36  3:24  SCV  
  37  3:28  SCV  
  37  3:31  Cyclone  
  41  3:38  Supply Depot  
  41  3:49  Hellion  
  41  3:50  Hellion  
  41  3:55  Cyclone  
  41  3:57  SCV  
  41  4:01  SCV  
  39  4:03  Hellion  
  41  4:13  SCV x2  
  41  4:15  Supply Depot  
  43  4:25  Cyclone  
  46  4:34  Supply Depot  
  46  4:36  SCV x2  
  46  4:38  Cyclone  
  51  4:48  Cyclone  
  51  4:51  Supply Depot  
  54  4:56  Hellion, SCV x2  
  58  5:01  Supply Depot  
  58  5:06  Cyclone  
  61  5:08  SCV  
  61  5:13  SCV  
  63  5:16  Hellion  
  63  5:20  SCV  
  63  5:21  Supply Depot  
  64  5:25  SCV  
  64  5:26  Hellion  
  67  5:31  Cyclone  
  67  5:32  SCV  
  71  5:37  SCV  
  71  5:39  Hellion  
  76  5:43  Hellion  
  76  5:44  Supply Depot  
  76  5:45  SCV  
  76  5:49  SCV  
  78  5:53  Cyclone  
  78  5:57  SCV  
  82  5:58  Supply Depot  
  82  6:01  SCV  
  78  6:12  SCV  
  78  6:13  Hellion, Cyclone  
  78  6:14  Hellion, SCV  
  78  6:28  Command Center  
  78  6:31  Refinery, SCV x2  
  78  6:32  Refinery  
  80  6:33  Cyclone  
  80  6:36  Supply Depot  
  83  6:43  SCV x2  
  83  6:45  Armory  
  85  6:49  Hellion  
  85  6:50  Supply Depot  
  87  6:56  SCV x2  
  87  6:58  Hellion  
  87  7:00  Cyclone  
  92  7:08  SCV x2  
  94  7:14  Cyclone  
  94  7:15  Hellion  
  99  7:20  SCV x2  
  99  7:25  Cyclone  
  99  7:28  Supply Depot  
  102  7:32  Hellion, SCV x2, Terran Vehicle Weapons Level 1  
  102  7:37  Hellion  
  108  7:44  SCV x2  
  110  7:51  Factory x2  
  110  7:52  Refinery  
  110  7:56  Refinery, SCV x2  
  110  7:58  Factory  
  112  8:01  Hellion x4  
  120  8:07  Orbital Command  
  120  8:08  SCV  
  121  8:15  Supply Depot  
  121  8:17  SCV  
  121  8:18  Engineering Bay  
  122  8:20  SCV  
  122  8:22  Cyclone x2  
  122  8:25  Hellion  
  131  8:27  Hellion  
  131  8:30  SCV  
  131  8:33  SCV  
  133  8:36  SCV  
  134  8:42  Factory Tech Lab x2, Supply Depot x2  
  134  8:43  Factory Tech Lab  
  134  8:46  Missile Turret  
  134  8:55  SCV x3  
  137  9:02  Siege Tank x3  
  146  9:03  Infernal Pre-Igniter  
  146  9:14  Hellion x4  
  146  9:20  Armory  
  144  9:28  Terran Vehicle Weapons Level 2  
  144  9:31  Supply Depot  
  144  9:33  Supply Depot  
  144  9:36  Siege Tank x3  
  153  9:42  Supply Depot  
  153  9:45  Missile Turret  
  153  9:51  Hellbat x4  
  161  9:56  Supply Depot  
  161  9:57  Supply Depot  
  161  10:03  Missile Turret  
  161  10:08  Siege Tank x3  
  161  10:09  Terran Vehicle And Ship Armor Level 1  
  161  10:13  Hellbat  
  161  10:14  Hellbat x3  
  178  10:21  Command Center  
  176  10:40  Siege Tank x3  
  176  10:41  Sensor Tower  
  179  10:46  Hellbat  
  179  10:47  Hellbat x3  
  181  11:08  Hellbat x3  
  169  11:12  Siege Tank x2  
  169  11:13  Siege Tank  
  168  11:21  Hellbat  
  170  11:27  SCV  
  170  11:28  SCV x2  
  170  11:29  Hellbat x3  
  175  11:39  Planetary Fortress  
  159  11:40  SCV x3  
  159  11:44  Siege Tank x2  
  159  11:45  Siege Tank  
  166  11:52  SCV x3  
  169  11:58  Cyclone  
  169  11:59  Cyclone x2  
  175  12:02  Cyclone  
  175  12:04  SCV  
  175  12:05  SCV  
  180  12:17  Missile Turret  

Tags
 
Add a new tag
Caveats
  • Supply blocks, unpowered buildings, or Contaminate may cause inaccurate times.
  • Supply counts are checked every 10 seconds.